 Dungeon Crawl Stone Soup version 0.26.0-18-gc5c842f807 (webtiles) character file.

Game seed: 16068574173667233918

255 kaeus the Firebug (level 6, 0/32 HPs)
             Began as a Gargoyle Fire Elementalist on Jan 23, 2021.
             Slain by a worker ant (4 damage)
             ... while paralysed by Grinder
             ... on level 4 of the Dungeon.
             The game lasted 00:03:59 (3949 turns).

kaeus the Firebug (Gargoyle Fire Elementalist)      Turns: 3949, Time: 00:04:00

Health: 0/32       AC: 11    Str: 12    XL:     6   Next: 15%
Magic:  4/10       EV:  2    Int: 17    God:
Gold:   181        SH:  0    Dex: 10    Spells: 10/11 levels left

rFire    . . .     SeeInvis .   t - +0 hand axe
rCold    . . .     Faith    +   (no shield)
rNeg     + . .     Spirit   .   a - +0 robe
rPois    ∞         Reflect  .   o - +0 helmet
rElec    +         Harm     .   (no cloak)
rCorr    .         Rampage  .   (no gloves)
Will     .....                  (no boots)
Stlth    ++........             p - amulet of faith
HPRegen  0.10/turn              (no ring)
MPRegen  0.12/turn              s - +4 ring of protection

@: paralysed
A: negative energy resistance 1, electricity resistance, unbreathing,
petrification resistance, miasma immunity, AC +4
a: no special abilities


You were on level 4 of the Dungeon.
You visited 1 branch of the dungeon, and saw 4 of its levels.

You collected 181 gold pieces.

Inventory:

Hand Weapons
 t - a +0 hand axe (weapon)
Armour
 a - a +0 robe (worn)
 o - a +0 helmet (worn)
Jewellery
 p - an amulet of faith (around neck)
 s - a +4 ring of protection (right hand)
Wands
 j - a wand of digging (3)
Scrolls
 f - 2 scrolls of identify
 h - a scroll of magic mapping
 l - a scroll of amnesia
 n - a scroll of fear
 r - a scroll of blinking {unknown}
Potions
 b - 3 potions of cancellation
 d - a potion of curing
 e - a potion of resistance {unknown}
 g - 2 potions of brilliance
 i - a potion of lignification
 k - a potion of haste
 m - 2 potions of flight {unknown}
 q - a potion of invisibility {unknown}


   Skills:
 - Level 1.5 Dodging
 - Level 2.1 Stealth
 + Level 3.2 Spellcasting
 + Level 3.3 Conjurations
 * Level 5.1 Fire Magic


You had 10 spell levels left.
You knew the following spells:

 Your Spells              Type           Power        Failure   Level
a - Foxfire               Conj/Fire      68%          3%          1

Your spell library contained the following spells:

 Spells                   Type           Power        Failure   Level
 Conjure Flame            Conj/Fire      17%          9%          3
 Inner Flame              Hex/Fire       11%          19%         3
 Sticky Flame             Conj/Fire      17%          30%         4
 Fireball                 Conj/Fire      8%           63%         5


Dungeon Overview and Level Annotations

Branches:
Dungeon (4/15)
 Temple: D:4-7

Altars:
Sif Muna

Annotations:
D:4 Grinder


Innate Abilities, Weirdness & Mutations

You are resistant to torment.
Your stone body is resilient. (AC +4)
You are immune to poison.
You resist negative energy. (rN+)
You are resistant to electric shocks. (rElec)
You can survive without breathing.
You are immune to petrification.
You are immune to miasma.


Message History

You take 5 damage, and have 14/32 hp.
Grinder gestures at you. Pain shoots through your body!
You take 2 damage, and have 12/32 hp.
Grinder blinks!
The worker ant closely misses you. Grinder gestures at you.
Pain shoots through your body!
* * * LOW HITPOINT WARNING * * *
You take 7 damage, and have 5/32 hp.
MASSIVE DAMAGE!!
Grinder gestures at you.
You suddenly lose the ability to move!
The worker ant barely misses you. Grinder gestures at you.
You resist with significant effort. The worker ant bites you.
* * * LOW HITPOINT WARNING * * *
The worker ant barely misses you. The worker ant bites you.
You die...

#.....# .. ##...####
#. #.......# ##.
##......... #..
##....####..
#..####......# # .#
#...##..5##..# ...#
##...#B..## ..#
#...##.....@.## ...#
#....#......## ####
#...........#
#..........##
...........#
..........## #....
..........## #.....
.......#)..####......
.....####))..........


You could see Grinder and a worker ant.

Vanquished Creatures
  A howler monkey (D:2)
  2 orc wizards (D:4)
  A hound skeleton (D:4)
  A howler monkey skeleton (D:2)
  7 adders
  An ooze (D:1)
  An adder skeleton (D:2)
  2 worms (D:2)
  3 dart slugs (D:1)
  2 leopard geckos
  7 orcs (D:4)
  2 ball pythons (D:2)
  4 bats
  A giant cockroach (D:3)
  4 goblins
  4 hobgoblins
  7 kobolds
  A quokka (D:2)
  3 frilled lizards
  3 rats
57 creatures vanquished.

Vanquished Creatures (others)
  199 foxfires
199 creatures vanquished.

Grand Total: 256 creatures vanquished

Notes
Turn   | Place    | Note
-------+----------+-------------------------------------------
     0 | D:1      | kaeus the Gargoyle Fire Elementalist began the quest for
                  | the Orb.
     0 | D:1      | Reached XP level 1. HP: 10/10 MP: 3/3
   149 | D:1      | Reached XP level 2. HP: 15/15 MP: 0/5
   599 | D:1      | Reached XP level 3. HP: 17/19 MP: 1/6
  1815 | D:2      | Reached skill level 4 in Fire Magic
  1815 | D:2      | Reached XP level 4. HP: 21/24 MP: 1/7
  2260 | D:2      | Reached XP level 5. HP: 23/28 MP: 1/9
  2297 | D:2      | HP: 1/28 [worm (3)]
  2935 | D:3      | Found a shimmering blue altar of Sif Muna.
  3757 | D:4      | Reached skill level 5 in Fire Magic
  3843 | D:4      | Reached XP level 6. HP: 32/32 MP: 6/10
  3925 | D:4      | Noticed Grinder
  3934 | D:4      | Paralysed by Grinder for 2 turns
  3946 | D:4      | Paralysed by Grinder for 7 turns
  3949 | D:4      | Slain by a worker ant

Illustrated notes

Levels and vault maps discovered:
D:1:      shiori_arrival_oz, layout_basic, hangedman_glass_teeth
D:2:      layout_basic, minmay_three_crescents
D:3:      layout_rooms, marbit_many_paths
D:4:      layout_layer_cave, grunt_dithmenos_shadows,
          minmay_overflow_temple_star_quad, serial_shops, nicolae_shop_crystal,
          uniq_grinder

Skill      XL: |  1  2  3  4  5 |
---------------+----------------+-----
Conjurations   | 2 3 |  3.3
Fire Magic     | 4 5 |  5.1
Spellcasting   | 3 |  3.2
Dodging        | |  1.5
Stealth        | |  2.1

Action                   |  1- 3 |  4- 6 || total
-------------------------+-------+-------++-------
Melee: Unarmed           |    15 |       ||    15
       Dagger            |    27 |    10 ||    37
       Spear             |    34 |    65 ||    99
       Hand axe          |       |     5 ||     5
 Cast: Foxfire           |    52 |    80 ||   132
  Use: Scroll            |     1 |     8 ||     9
Armor: Robe              |    20 |    36 ||    56
Dodge: Dodged            |    47 |    71 ||   118
